 Dungeon Crawl Stone Soup version 0.17-a0-1020-ge683cc4 (console) character file.

240 Monkaria the Slasher (level 5, -5/42 HPs)
             Began as a Demonspawn Chaos Knight on May 14, 2015.
             Slain by Grinder (6 damage)
             ... on level 4 of the Dungeon.
             The game lasted 00:05:10 (3055 turns).

Monkaria the Slasher (Demonspawn Chaos Knight)      Turns: 3055, Time: 00:05:11

Health: -5/42      AC:  7    Str: 13    XL:     5   Next: 79%
Magic:  5/5        EV: 11    Int: 14    God:    Xom [..*...]
Gold:   157        SH:  0    Dex: 12    Spells: 0 memorised, 4 levels left

rFire  + . .     SeeInvis .     a - +0 falchion (chaos)
rCold  . . .     Clarity  .     b - +2 leather armour
rNeg   . . .     SustAb   .     (no shield)
rPois  .         Gourm    .     (no helmet)
rElec  .         Spirit   .     (no cloak)
rCorr  .         Warding  .     (no gloves)
rMut   .         Stasis   .     u - +0 pair of boots (curse)
MR     .....                    (no amulet)
Stlth  +.........               (no ring)
                                (no ring)

@: lethally poisoned (-5 -> -12), very slightly contaminated, not resistant to
hostile enchantments, very unstealthy
A: talons 1, icy blue scales 1, fire resistance 1, screaming 1
a: Renounce Religion


You were on level 4 of the Dungeon.
You worshipped Xom.
You were a toy of Xom.
You were not hungry.

You visited 1 branch of the dungeon, and saw 4 of its levels.

You collected 157 gold pieces.

Inventory:

Hand weapons
 a - a +0 falchion of chaos (weapon)
Missiles
 r - 12 poisoned needles
Armour
 b - a +2 leather armour (worn)
 u - a cursed +0 pair of boots (worn)
Jewellery
 s - an uncursed amulet of stasis
Magical devices
 w - a wand of random effects (19)
Scrolls
 e - 2 scrolls of amnesia
 g - 3 scrolls of enchant weapon {unknown}
 i - 2 scrolls of recharging {unknown}
 j - 2 scrolls of random uselessness {unknown}
 k - a scroll of enchant armour {unknown}
 l - a scroll of noise {unknown}
 n - 2 scrolls of identify {unknown}
 p - 5 scrolls of teleportation {unknown}
 q - a scroll of remove curse {unknown}
 x - a scroll of fog {unknown}
Miscellaneous
 o - a plain deck of destruction {drawn: 3}
Comestibles
 c - 6 bread rations
 h - a beef jerky
 m - 2 slices of pizza
 t - a chunk of flesh


   Skills:
 - Level 4.2 Fighting
 + Level 5.3 Long Blades
 - Level 1.7 Armour
 - Level 0.8 Dodging


You had 4 spell levels left.
You didn't know any spells.

Dungeon Overview and Level Annotations

Branches:
Dungeon (4/15)
 Temple: D:4-7

Altars:
Nemelex Xobeh
Ru

Annotations:
D:2 Sigmund
D:4 Grinder


Innate Abilities, Weirdness & Mutations

You have sharp toenails.
Your flesh is heat resistant.
You are partially covered in icy blue scales (AC +1).
You occasionally shout uncontrollably at your foes.


Message History

You can move again.
Unknown command.
Unknown command.
Unknown command.
Unknown command.
* * * LOW HITPOINT WARNING * * *
You feel sick.
Unknown command.
Unknown command.
Unknown command.
Read which item? (? for menu, Esc to quit)
As you read the scroll labeled KEMONA EBLENN, it crumbles to dust.
You assume a fearsome visage.
Grinder is unaffected.
The hobgoblin looks frightened!
It was a scroll of fear.
* * * LOW HITPOINT WARNING * * *
You feel sick.
Grinder says, "I used to sell toenails on the black market."
Grinder hits you.
You die...
Xom cackles wildly!

..... .... ... ... #.#
# #g# #########.###.##
................#
..............@5.#
..................##
............<$........
...................####
.............†.....#
...................#
............(......##
.....................
...................##


You could see Grinder and a hobgoblin (fleeing).

Vanquished Creatures
  An iguana (D:3)
  A worker ant (D:4)
  3 adders
  3 gnolls (D:3)
  2 oozes
  2 adder skeletons
  2 giant geckos
  5 orcs (D:3)
  14 bats
  5 giant cockroaches
  8 goblins
  9 hobgoblins
  2 jackals (D:3)
  5 giant newts
  7 kobolds
  9 rats
78 creatures vanquished.

Vanquished Creatures (collateral kills)
  5 gnolls
  A giant newt (D:3)
6 creatures vanquished.

Grand Total: 84 creatures vanquished

Notes
Turn   | Place    | Note
--------------------------------------------------------------
     0 | D:1      | Monkaria the Demonspawn Chaos Knight began the quest for the Orb.
     0 | D:1      | Reached XP level 1. HP: 18/18 MP: 1/1
    43 | D:1      | XOM: potion effect (agility)
   110 | D:1      | XOM: harmless Fire miscast
   124 | D:1      | Gained mutation: You have sharp toenails. [demonic ancestry]
   124 | D:1      | Reached XP level 2. HP: 24/24 MP: 2/2
   188 | D:1      | Reached skill level 4 in Fighting
   313 | D:1      | XOM: colour smoke trail
   538 | D:1      | Reached XP level 3. HP: 30/30 MP: 3/3
   610 | D:1      | XOM: noise
   706 | D:2      | XOM: summons 3 friendly demons
   857 | D:2      | XOM: divination: magic mapping
   897 | D:2      | XOM: harmless Divn miscast
  1115 | D:2      | Gained mutation: Your flesh is heat resistant. [demonic ancestry]
  1115 | D:2      | Reached XP level 4. HP: 30/37 MP: 4/4
  1253 | D:2      | XOM: give mutations
  1253 | D:2      | Gained mutation: You occasionally shout uncontrollably at your foes. [Xom's mischief]
  1253 | D:2      | Gained mutation: You are weak. (Str -2) [Xom's mischief]
  1284 | D:2      | XOM: harmless Divn miscast
  1352 | D:2      | Noticed Sigmund
  1352 | D:2      | XOM: torment (14/37 hp)
  1581 | D:3      | XOM: give mutation
  1581 | D:3      | Lost mutation: You are weak. (Str -2) [Xom's mischief]
  1789 | D:3      | XOM: chaos cloud
  1795 | D:3      | XOM: mild Summ miscast
  1993 | D:3      | XOM: chaos upgrade
  2007 | D:3      | XOM: 3-stop teleportation journey
  2089 | D:3      | Found a sparkling altar of Nemelex Xobeh.
  2100 | D:3      | Reached XP level 5. HP: 6/42 MP: 5/5
  2130 | D:3      | XOM: silly message
  2646 | D:3      | Found a sacrificial altar of Ru.
  2775 | D:4      | Noticed Grinder
  2880 | D:3      | Reached skill level 5 in Long Blades
  3050 | D:4      | Gained mutation: You are partially covered in icy blue scales (AC +1). [potion of beneficial mutation]
  3052 | D:4      | Paralysed by Grinder for 2 turns
  3054 | D:4      | HP: 2/42 [poison (a potion of poison)]
  3055 | D:4      | Slain by Grinder

Vault maps used:
D:1:      lightli_arrival_maybe_door_vault
D:2:      first_bread, uniq_sigmund
D:3:      nemelex_deck, nicolae_ru_sacrificial_ziggurat
D:4:      kennysheep_mini, uniq_grinder

Action                   |  1- 3 |  4- 6 || total
-------------------------+-------+-------++-------
Melee: Falchion          |   107 |   138 ||   245
Evoke: Deck              |       |     3 ||     3
  Use: Potion            |       |     5 ||     5
       Scroll            |       |     3 ||     3
 Stab: Sleeping          |       |     1 ||     1
  Eat: Chunk             |     1 |     7 ||     8
